 Dungeon Crawl Stone Soup version 0.30-a0-1161-g0704695555 (webtiles) character file.

Game seed: 15007041171097950426

305 ytrimaz the Slasher (level 6, -5/42 HPs)
             Began as an Octopode Fighter on Apr 27, 2023.
             Slain by a hobgoblin (6 damage)
             ... led by Robin
             ... on level 3 of the Dungeon.
             The game lasted 00:02:00 (1533 turns).

ytrimaz the Slasher (Octopode Fighter)              Turns: 1533, Time: 00:02:00

Health: -5/42      AC:  1    Str: 15    XL:     6   Next: 39%
Magic:  15/15      EV: 14    Int: 10    God:
Gold:   158        SH:  0    Dex: 14    Spells: 5/5 levels left

rFire   . . .        a - +0 long sword
rCold   . . .        h - orb {light}
rNeg    . . .        (helmet restricted)
rPois   .            i - amulet of magic regeneration
rElec   .            l - ring of magical power
rCorr   .            (no ring)
SInv    .            (no ring)
Will    .....        (no ring)
Stlth   +            (no ring)
HPRegen 0.27/turn    (no ring)
MPRegen 0.54/turn    (no ring)
                     (no ring)

%: no passive effects
@: glowing
A: almost no armour, amphibious, 8 rings, camouflage 1, gelatinous body 1,
(nimble swimmer 1), tentacles
a: no special abilities


You were on level 3 of the Dungeon.
You visited 1 branch of the dungeon, and saw 3 of its levels.

You collected 158 gold pieces.


Innate Abilities, Weirdness & Mutations

You cannot wear most types of armour.
You are amphibious.
You can wear up to eight rings at the same time.
Your skin changes colour to match your surroundings (Stealth+).
Your rubbery body absorbs attacks. (AC +1, EV +1)
((You are camouflaged when in or above water. (Stealth+)))
You have tentacles for arms and can constrict up to eight enemies at once.


   Skills:
 - Level 3.0 Fighting
 + Level 6.6 Long Blades
 - Level 3.0 Dodging
 - Level 3.0 Shields


You had 5 spell levels left.
You didn't know any spells.
Your spell library was empty.

Inventory:

Hand Weapons
 a - a +0 long sword (weapon)
Armour
 b - a +0 buckler
 h - an orb of light (worn)
   (You took it off a kobold on level 1 of the Dungeon)
Jewellery
 i - an amulet of magic regeneration (around mantle)
   (You found it on level 2 of the Dungeon)
 l - a ring of magical power (left tentacle)
   (You found it on level 2 of the Dungeon)
Scrolls
 d - a scroll of blinking {unknown}
 e - 2 scrolls of teleportation {unknown}
 g - a scroll of identify {unknown}
Potions
 c - 2 potions of might
 f - a potion of mutation {unknown}
 j - a potion of curing
 k - a potion of lignification {unknown}

Dungeon Overview and Level Annotations

Branches:
Dungeon (3/15) Zot: 16451

Altars:

Annotations:
D:3 Robin

#.# #.# .##g#
. #.# #.# ...
.. #.#
###.###.##.#
#.#
#...o.g....#
#.# #.#.o....#
#.#
#.#g###...o...
#.# #.#)#
#...o..
##g###.#o#
####o.
#.#@gg)#.# o
##.####g.# ###
#.## #.# #.#
#.# #.# ..#
###


You could see Robin, a hobgoblin (strong) and 2 goblins.


Message History

A ball python comes into view.
An orc priest comes into view. It is wielding a +0 falchion.
An orc comes into view. It is wielding a +0 flail.
A goblin comes into view. It is wielding a +0 club.
Robin roars a battlecry!
The goblins go into a battle-frenzy!
The hobgoblin moves out of view.
The goblin moves out of view.
You hear a shout!
The goblin shouts!
You hear a shout! x2
The ball python attacks as you move away!
The ball python misses you. The ball python closely misses you.
A goblin comes into view. It is wielding a +0 dagger.
You hit the ball python. Your grab misses the ball python.
The ball python closely misses you. x2; The ball python bites you.
The ball python grabs you.
The ball python constricts you. 😕 HP[-2]
You take 2 damage, and now have 40/42 hp.
You barely miss the ball python. Your grab misses the ball python.
The ball python barely misses you. The ball python constricts you.
You hit the ball python.
You kill the ball python!
You hit the goblin but do no damage. You grab the goblin.
You squeeze the goblin.
You kill the goblin! 😕 HP[+1]
The orc wizard casts a spell at you. You resist with some effort. 😎 HP[+1]
Your hp is fully restored (42).
The goblin no longer looks unusually strong.
The orc wizard attacks as you move away!
The orc wizard closely misses you.
You slash the orc wizard! You grab the orc wizard.
You constrict the orc wizard.
The orc wizard hits you with a +0 dagger. 😕 HP[-3]
You take 3 damage, and now have 39/42 hp.
You hit the orc wizard but do no damage.
You constrict the orc wizard. The orc wizard barely misses you.
You slash the orc wizard!
You kill the orc wizard!
You slash the goblin!
You kill the goblin!
Robin roars a battlecry!
The hobgoblin goes into a battle-frenzy! 😕 HP[+1] Unknown command.
The orc hits you from afar with a +0 trident.
Things that are here:
a +0 club; a +0 dagger; a +0 robe; 😕 HP[-4]
You take 4 damage, and now have 36/42 hp.
You slash the orc!
You kill the orc!
The orc hits you from afar with a +0 trident!
The orc hits you from afar with a +0 trident.
The orc priest invokes the aid of Beogh against you.
Pain shoots through your body!
* * * LOW HITPOINT WARNING * * *
😨 HP[-22]
You take 22 damage, and now have 14/42 hp.
MASSIVE DAMAGE!! (PAUSE) It was a potion of curing.
You feel better.
The orc priest hits you with a +0 falchion!
* * * LOW HITPOINT WARNING * * *
The orc misses you.
You barely miss the orc priest. You grab the orc priest.
You constrict the orc priest. The orc barely misses you.
The orc priest barely misses you. 😨 HP[+1]
You slash the orc priest! You constrict the orc priest.
The orc priest barely misses you. The orc hits you but does no damage.
You slash the orc priest!
You kill the orc priest!
The orc hits you from afar with a +0 trident.
* * * LOW HITPOINT WARNING * * *
😨 HP[-2]
You take 2 damage, and now have 13/42 hp.
The orc hits you with a +0 trident!
* * * LOW HITPOINT WARNING * * *
Things that are here:
a +0 falchion; a +0 flail; an orc corpse 😱 HP[-6]
You take 6 damage, and now have 7/42 hp.
Unknown command.
You hit the orc. You grab the orc. You tentacle-slap the orc.
You kill the orc!
Unknown command.
Things that are here:
a +0 club; a +0 dagger; a +0 robe The hobgoblin attacks as you move away!
The hobgoblin hits you.
* * * LOW HITPOINT WARNING * * *
Robin throws the goblin at you!
* * * LOW HITPOINT WARNING * * *
😱 HP[-6]
You take 6 damage, and now have 1/42 hp.
Unknown command.
The goblin attacks as you move away! The goblin barely misses you.
The hobgoblin attacks as you move away! The hobgoblin hits you.
You die...

Skill      XL: |  1  2  3  4 |
---------------+-------------+-----
Long Blades    | 3 4 6 |  6.6
Fighting       | |  3.0
Dodging        | |  3.0
Shields        | |  3.0

Action                     |  1- 3 |  4- 6 || total
---------------------------+-------+-------++-------
  Melee: Long sword        |    45 |    34 ||    79
         Constrict         |     8 |    10 ||    18
         Tentacles         |     5 |     4 ||     9
         Punch             |     1 |     2 ||     3
    Use: Potion            |       |     2 ||     2
   Stab: Sleeping          |     2 |     2 ||     4
         Distracted        |     1 |       ||     1
 Armour: Skin              |     1 |     1 ||     2
  Dodge: Dodged            |    24 |    28 ||    52
  Block: Buckler           |     6 |       ||     6

Levels and vault maps discovered:
D:1:      ncdulo_watergridlock, layout_basic, ebering_ecumenical_altar_box,
          corexii_corridor_pit
D:2:      layout_rooms, kennysheep_cross_bottleneck, kennysheep_generic_room_9,
          uniq_jessica, uniq_sigmund
D:3:      layout_loops_ring, grunt_gozag_statues, marbit_many_paths,
          serial_shops, shop, grunt_ministairs_6, uniq_terence, uniq_robin,
          uniq_grinder

Notes
Turn   | Place    | Note
-------+----------+-------------------------------------------
     0 | D:1      | ytrimaz the Octopode Fighter began the quest for the Orb.
     0 | D:1      | Reached XP level 1. HP: 16/16 MP: 1/1
     0 | D:1      | magus.rc [v1.9.6]
   153 | D:1      | Reached XP level 2. HP: 18/21 MP: 2/2
   172 | D:1      | Reached skill level 3 in Long Blades
   611 | D:1      | Found a faded altar of an unknown god.
   617 | D:1      | Reached XP level 3. HP: 23/26 MP: 3/3
   775 | D:2      | Noticed Jessica
   783 | D:2      | Killed Jessica
   784 | D:2      | Reached skill level 4 in Long Blades
   875 | D:2      | Reached XP level 4. HP: 28/31 MP: 4/4
   940 | D:2      | Noticed Sigmund
   947 | D:2      | Killed Sigmund
   948 | D:2      | Reached skill level 6 in Long Blades
   948 | D:2      | Reached XP level 5. HP: 14/36 MP: 5/5
  1116 | D:2      | Reached XP level 6. HP: 32/42 MP: 6/6
  1501 | D:3      | Noticed Robin
  1529 | D:3      | HP: 7/42 [orc/+0 trident (7)]
  1532 | D:3      | HP: 3/42 [hobgoblin[Robin] (4)]
  1532 | D:3      | HP: 1/42 [Robin/goblin (2)]
  1533 | D:3      | Slain by a hobgoblin

Vanquished Creatures
  Sigmund (D:2)
  An orc priest (D:3)
  Jessica (D:2)
  An orc wizard (D:3)
  An adder (D:2)
  2 dart slugs
  2 orcs (D:3)
  4 ball pythons
  A bat (D:2)
  6 endoplasms
  A giant cockroach (D:1)
  7 goblins
  2 hobgoblins (D:1)
  4 jackals (D:1)
  4 kobolds
  A quokka (D:1)
  2 frilled lizards (D:2)
  6 rats
47 creatures vanquished.

Table legend:
 A = Non-vault XP
 B = Vault XP
 C = Vault XP percentage of total XP
 D = Non-vault monster count
 E = Vault monster count
 F = Vault count percentage of total count
                 A         B        C        D         E       F
            +---------+---------+-------+---------+---------+-------
      Total |     163 |     273 |  62.6 |      42 |       5 |  10.6
            +---------+---------+-------+---------+---------+-------
        D:1 |      37 |       0 |   0.0 |      18 |       0 |   0.0
        D:2 |      41 |     269 |  86.8 |      18 |       3 |  14.3
        D:3 |      85 |       4 |   4.5 |       6 |       2 |  25.0
            +---------+---------+-------+---------+---------+-------

Skill      XL: |  1  2  3  4 |
---------------+-------------+-----
Long Blades    | 3 4 6 |  6.6
Fighting       | |  3.0
Dodging        | |  3.0
Shields        | |  3.0

Action                     |  1- 3 |  4- 6 || total
---------------------------+-------+-------++-------
  Melee: Long sword        |    45 |    34 ||    79
         Constrict         |     8 |    10 ||    18
         Tentacles         |     5 |     4 ||     9
         Punch             |     1 |     2 ||     3
    Use: Potion            |       |     2 ||     2
   Stab: Sleeping          |     2 |     2 ||     4
         Distracted        |     1 |       ||     1
 Armour: Skin              |     1 |     1 ||     2
  Dodge: Dodged            |    24 |    28 ||    52
  Block: Buckler           |     6 |       ||     6

Illustrated notes

Table legend:
 A = Kills in this place as a percentage of kills in the entire game.
 B = Kills by you in this place as a percentage of kills by you in the entire game.
 C = Kills by friends in this place as a percentage of kills by friends in the entire game.
 D = Other kills in this place as a percentage of other kills in the entire game.
 E = Experience gained in this place as a percentage of experience gained in the entire game.
 F = Experience gained in this place divided by the number of levels of this place that you have seen.
                   A       B       C       D       E      F
               +-------+-------+-------+-------+-------+----------------------
         Total | 100.0 | 100.0 |   N/A |   N/A | 100.0 | 145.3
       Dungeon | 100.0 | 100.0 |   N/A |   N/A | 100.0 | 145.3
               +-------+-------+-------+-------+-------+----------------------

Table legend: (Time is in decaauts)
 A = Elapsed time spent in this place.
 B = Non-inter-level travel time spent in this place.
 C = Inter-level travel time spent in this place.
 D = Time resting spent in this place.
 E = Time spent auto-exploring this place.
 F = Levels seen in this place.
 G = Mean time per level.
                   A        B        C        D        E       F      G
               +--------+--------+--------+--------+--------+-----+--------+
         Total |   1548 |   1526 |     22 |      0 |   1182 |   3 |  516.0 |
       Dungeon |   1548 |   1526 |     22 |      0 |   1182 |   3 |  516.0 |
               +--------+--------+--------+--------+--------+-----+--------+

Top non-repeatable levels by time:
     D:1: 757 daAuts
     D:2: 727 daAuts
     D:3: 64 daAuts
